 Dungeon Crawl Stone Soup version 0.19-a0-1170-g18f0c96 (webtiles) character file.

482 poirepourri the Magician (level 6, -18/32 HPs)
             Began as a Deep Elf Conjurer on Aug 16, 2016.
             Shot with an arrow by a centaur (19 damage)
             ... on level 5 of the Dungeon.
             The game lasted 00:06:40 (3913 turns).

poirepourri the Magician (Deep Elf Conjurer)        Turns: 3913, Time: 00:06:40

Health: -18/32     AC:  4    Str:  5    XL:     6   Next: 87%
Magic:  8/18       EV: 13    Int: 22    God:
Gold:   175        SH:  0    Dex: 15    Spells: 5 memorised, 6 levels left

rFire  . . .     SeeInvis .     l - +1 short sword
rCold  . . .     Gourm    .     a - +1 robe
rNeg   . . .     Faith    .     (no shield)
rPois  .         Spirit   .     j - +1 hat
rElec  .         Dismiss  .     (no cloak)
rCorr  .         Reflect  .     (no gloves)
MR     .....     Harm     .     (no boots)
Stlth  ++........               (no amulet)
                                (no ring)
                                (no ring)

@: no status effects
A: no striking features
a: no special abilities


You were on level 5 of the Dungeon.
You were not hungry.

You visited 1 branch of the dungeon, and saw 5 of its levels.

You collected 175 gold pieces.

Inventory:

Hand Weapons
 l - a +1 short sword (weapon)
Armour
 a - a +1 robe (worn)
 j - a +1 hat (worn)
Jewellery
 i - an uncursed ring of poison resistance
Wands
 o - a wand of disintegration (24/24)
Scrolls
 f - a scroll of remove curse
 g - 3 scrolls of teleportation
 v - a scroll of magic mapping
Potions
 d - a potion of curing {unknown}
 h - a potion of haste
 m - a potion of brilliance
 n - 2 potions of agility {unknown}
 q - 2 potions of heal wounds
 s - a potion of mutation
 u - a potion of lignification {unknown}
Books
 b - a book of Conjurations

   Spells                             Type                      Level
   a - Magic Dart                     Conjuration                  1
   b - Searing Ray                    Conjuration                  2
   c - Dazzling Spray                 Conjuration/Hexes            3
   d - Fulminant Prism                Conjuration/Hexes            4
   e - Iskenderun's Mystic Blast      Conjuration                  4
   f - Iskenderun's Battlesphere      Conjuration/Charms           5
 e - a book of the Warp

   Spells                             Type                      Level
   a - Recall                         Summoning/Translocation      3
   b - Gell's Gravitas                Hexes/Translocation          3
   c - Force Lance                    Conjuration/Translocation    4
   d - Warp Weapon                    Charms/Translocation         5
   e - Summon Forest                  Summoning/Translocation      5
Comestibles
 c - 3 bread rations
 k - a slice of pizza
 t - 6 fruits


   Skills:
 + Level 3.0 Dodging
 - Level 2.4 Stealth
 * Level 7.5 Spellcasting
 + Level 6.7 Conjurations


You had 6 spell levels left.
You knew the following spells:

 Your Spells              Type           Power        Failure   Level  Hunger
a - Magic Dart            Conj           ####         1%          1    None
b - Searing Ray           Conj           #####.       1%          2    None
c - Dazzling Spray        Conj/Hex       ###...       8%          3    None
d - Fulminant Prism       Conj/Hex       ###.......   21%         4    ###....
e - Iskenderun's Mystic   Conj           #####...     6%          4    ###....


Dungeon Overview and Level Annotations

Branches:
Dungeon (5/15)
 Temple: D:4-7

Altars:
Hepliaklqana


Message History

The magic dart hits the centaur.
The centaur is heavily wounded.
The centaur shoots an arrow.
The arrow closely misses you.
Casting: Magic Dart
Confirm with . or Enter, or press ? or * to list all spells.
Aiming: Magic Dart
Press: ? - help, Shift-Dir - straight line, f/p - centaur
Aim: a centaur, wielding a shortbow (heavily wounded)
The magic dart hits the centaur.
The centaur is severely wounded.
Casting: Magic Dart
Confirm with . or Enter, or press ? or * to list all spells.
Aiming: Magic Dart
Press: ? - help, Shift-Dir - straight line, f/p - centaur
Aim: a centaur, wielding a shortbow (severely wounded)
The magic dart hits the centaur.
The centaur is almost dead.
The centaur shoots an arrow.
The arrow hits you!!
Ouch! That really hurt!
You die...

#############
#...........#
#.########''#######
#.#................
#.#................
#######.#..≈..≈....≈§.≈..
........#................
#####.###.....§§@...§§...
## #.###..≈..§§...§.%§..
.. #...#.....§..........
#.##.###?......([.......
#....###....c..$...)....
#..#...#..........§.....
#..#..##..≈..≈...§≈..≈..
#......#..........§....
#..#..##


You could see a centaur.

Vanquished Creatures
  A howler monkey (D:4)
  A giant frog zombie (D:5)
  2 hounds
  A jelly (D:5)
  An iguana (D:3)
  2 orc wizards
  2 worker ants (D:4)
  A hound skeleton (D:5)
  4 gnolls (D:4)
  6 adders
  A worm (D:2)
  A dart slug (D:1)
  2 giant geckos (D:4)
  9 orcs
  3 giant cockroaches
  4 hobgoblins
  4 jackals (D:3)
  9 kobolds
  2 quokkas
  A ball python (D:3)
  9 bats
  6 giant newts
  7 goblins
  3 rats
82 creatures vanquished.

Notes
Turn   | Place    | Note
-------+----------+-------------------------------------------
     0 | D:1      | poirepourri the Deep Elf Conjurer began the quest for the Orb.
     0 | D:1      | Reached XP level 1. HP: 10/10 MP: 6/6
   391 | D:1      | Reached XP level 2. HP: 15/15 MP: 4/8
   605 | D:1      | Reached skill level 5 in Conjurations
  1234 | D:2      | Reached XP level 3. HP: 19/19 MP: 6/10
  1470 | D:2      | Reached skill level 4 in Spellcasting
  1814 | D:3      | Reached XP level 4. HP: 24/24 MP: 8/12
  1938 | D:3      | Found a hazy altar of Hepliaklqana.
  1977 | D:3      | Reached skill level 5 in Spellcasting
  1977 | D:3      | Reached XP level 5. HP: 9/28 MP: 8/14
  2181 | D:3      | Learned a level 2 spell: Searing Ray
  2185 | D:3      | Learned a level 3 spell: Dazzling Spray
  2190 | D:3      | Learned a level 4 spell: Fulminant Prism
  2195 | D:3      | Learned a level 4 spell: Iskenderun's Mystic Blast
  2677 | D:4      | Reached skill level 6 in Spellcasting
  3015 | D:3      | Learned a level 3 spell: Dazzling Spray
  3032 | D:4      | Reached XP level 6. HP: 26/32 MP: 8/17
  3513 | D:4      | Reached skill level 7 in Spellcasting
  3738 | D:5      | Entered Level 5 of the Dungeon
  3910 | D:5      | HP: 1/32 [centaur/arrow (11)]
  3913 | D:5      | Shot with an arrow by a centaur

Vault maps used:
D:1:      minmay_arrival_wavy_path, serial_park_tiny_1, minmay_misc_feat_encased
D:2:      kennysheep_six_static_rooms
D:3:      lemuel_crystal_altar, first_bread, kennysheep_pointless_box,
          saegor_snake_ambush
D:5:      lightli_sewer_entry_pipes, serial_shops, nicolae_shop_crystal,
          kennysheep_dice

Skill      XL: |  1  2  3  4  5  6 |
---------------+-------------------+-----
Conjurations   | 5 6 |  6.7
Spellcasting   | 4 5 6 7 |  7.5
Dodging        | 3 |  3.0
Stealth        | |  2.4

Action                   |  1- 3 |  4- 6 || total
-------------------------+-------+-------++-------
 Cast: Magic Dart        |    76 |   114 ||   190
       Searing Ray       |       |    12 ||    12
  Use: Scroll            |       |    13 ||    13
  Eat: Meat ration       |     1 |       ||     1
       Bread ration      |       |     1 ||     1
Armor: Robe              |     1 |     4 ||     5
Dodge: Dodged            |    14 |    27 ||    41
